 Dungeon Crawl Stone Soup version 0.26.1-2-gb8aa6d0cf2 (webtiles) character file.

Game seed: 15300289125835023640

3756 Gadfly the Cudgeller (level 9, -6/89 HPs)
             Began as a Troll Berserker on Mar 2, 2021.
             Was a High Priest of Trog.
             Mangled by an orc warrior
             ... wielding a +0 halberd
              (21 damage)
             ... on level 7 of the Dungeon.
             The game lasted 00:17:05 (7472 turns).

Gadfly the Cudgeller (Troll Berserker)              Turns: 7472, Time: 00:17:06

Health: -6/89      AC:  8    Str: 27    XL:     9   Next: 94%
Magic:  8/8        EV: 10    Int:  3    God:    Trog [*****.]
Gold:   427        SH:  0    Dex: 12    Spells: 8/8 levels left

rFire    . . .     SeeInvis .   a - +0 flail
rCold    . . .     Faith    +   (no shield)
rNeg     . . .     Spirit   .   s - +1 animal skin
rPois    .         Reflect  .   (helmet restricted)
rElec    .         Harm     .   r - +0 cloak
rCorr    .         Rampage  .   (gloves unavailable)
Will     .....                  (boots unavailable)
Stlth    +.........             o - amulet of faith
HPRegen  0.64/turn              h - ring of flight
MPRegen  0.11/turn              (no ring)

@: berserk cooldown, slowed, very slow
A: large, unfitting armour, claws 3, regeneration 1, shaggy fur 1, tough skin 3
a: Renounce Religion, Evoke Flight, Berserk, Trog's Hand, Brothers in Arms


You were on level 7 of the Dungeon.
You worshipped Trog.
Trog was extremely pleased with you.
You visited 1 branch of the dungeon, and saw 7 of its levels.
You also visited: Sewer.

You collected 427 gold pieces.

Inventory:

Hand Weapons
 a - a +0 flail (weapon)
 b - a +1 whip of flaming
Armour
 q - the +1 robe of the Beggar {Rampage rElec rCorr Dex-5}
   (You found it on level 7 of the Dungeon)

   It affects your dexterity (-5).
   It insulates you from electricity.
   It provides partial protection from all sources of acid and corrosion.
   It bestows one free step when moving towards enemies.
 r - a +0 cloak (worn)
 s - a +1 animal skin (worn)
Jewellery
 h - a ring of flight (left claw)
 o - an amulet of faith (around neck)
 v - an uncursed ring of ice
Wands
 c - a wand of acid (12)
 n - a wand of iceblast (8)
 p - a wand of flame (21) (quivered)
 u - a wand of random effects (8)
Scrolls
 d - 3 scrolls of remove curse
 l - 3 scrolls of teleportation
 m - 2 scrolls of blinking
 w - a scroll of enchant weapon {unknown}
 x - a scroll of fear
 y - a scroll of magic mapping {unknown}
 z - 3 scrolls of fog
Potions
 e - 7 potions of heal wounds
 f - 2 potions of attraction
 g - 9 potions of curing
 i - a potion of berserk rage
 j - a potion of ambrosia
 k - 4 potions of might
 t - a potion of haste


   Skills:
 + Level 5.6 Fighting
 * Level 7.6 Maces & Flails
 + Level 6.0 Armour
 - Level 2.4 Dodging
 + Level 5.4 Evocations


You had 8 spell levels left.
You didn't know any spells.
Your spell library was empty.

Dungeon Overview and Level Annotations

Branches:
Dungeon (7/15)             Temple (0/1) D:4           Sewer (visited)

Altars:
Cheibriados
Elyvilon
Fedhas
Hepliaklqana
Nemelex Xobeh
Okawaru
Qazlal
Trog
Uskayaw
Vehumet
Xom
Yredelemnul
Zin


Innate Abilities, Weirdness & Mutations

You are too large for most types of armour.
You have claws for hands.
Your natural rate of healing is unusually fast.
You are covered in fur. (AC +1)
You have extremely tough skin. (AC +3)


Message History

The orc warrior hits you from afar with a +0 halberd!!
You completely miss the jelly.
The jelly is severely wounded.
The jelly hits you but does no damage.
The orc warrior hits you from afar with a +0 halberd!!
* * * LOW HITPOINT WARNING * * *
The jelly barely misses you. The jelly hits you but does no damage.
The jelly closely misses you.
The orc warrior hits you from afar with a +0 halberd!
* * * LOW HITPOINT WARNING * * *
The jelly hits you but does no damage.
The jackal bites you but does no damage.
The orc warrior barely misses you.
The jackal bites you but does no damage.
The jelly barely misses you.
The jackal bites you but does no damage.
The jackal barely misses you.
The orc warrior hits you from afar with a +0 halberd!!
You die...

####...#.##.## ...# .#
####...#.##.# ...# #.
....<.....#.. ...# ### ###.
####..#...#######..##.. .. ...#
#..†...............#.. #. #..
#..................##.##.##.#
#.......#...........#.....).#
......#..#...........##.#.#.##
####.....#......@Jo...#.....#
####.##.......h....##.#.## #
#####.##.............#...# .
#....................##h##.####
#.###.#...............#)##.....
###.#
#.#...............#)#.#####
....#
#.#....†.......#....)......
....#
#.#.######.....#...........
....# #.#.# ##.........####....


You could see an orc warrior, a jelly and a jackal.

Vanquished Creatures
  Pikel (D:6)
  Grinder (D:4)
  The ghost of cghgu the Bolt Thrower, an amateur KoHu of Wu Jian (D:5)
  Sigmund (D:4)
  Menkaure (D:5)
  2 sky beasts
  An ice beast (D:4)
  A phantom (D:5)
  5 ogres
  A lemure (D:6)
  3 centaurs
  4 big kobolds
  Blork the orc (D:5)
  4 bullfrogs
  5 scorpions
  A howler monkey (D:4)
  A bullfrog zombie (D:7)
  A centaur skeleton (D:4)
  A hound (D:7)
  A jelly (D:6)
  An orc priest (D:7)
  An iron imp (D:5)
  3 iguanas
  Natasha (thrice) (D:4)
  An orc wizard (D:7)
  4 worker ants
  A hound zombie (D:6)
  A worker ant zombie (D:7)
  A gnoll (D:7)
  13 adders
  A howler monkey skeleton (D:4)
  2 shadow imps
  A white imp (D:6)
  An ufetubus (D:5)
  3 oozes
  3 adder skeletons
  2 adder zombies (D:7)
  A worm (D:2)
  A dart slug (D:1)
  3 leopard geckos
  15 orcs
  4 giant cockroaches
  9 goblins
  16 hobgoblins
  12 jackals
  2 quokkas
  3 ball pythons (Sewer)
  4 bats
  7 frilled lizards
  30 kobolds
  A leopard gecko zombie (D:7)
  12 rats
199 creatures vanquished.

Vanquished Creatures (others)
  A hobgoblin (D:3)
  5 plants
6 creatures vanquished.

Grand Total: 205 creatures vanquished

Notes
Turn   | Place    | Note
-------+----------+-------------------------------------------
     0 | D:1      | Gadfly the Troll Berserker began the quest for the Orb.
     0 | D:1      | Reached XP level 1. HP: 22/22 MP: 0/0
   144 | D:1      | Reached XP level 2. HP: 28/29 MP: 1/1
   352 | D:1      | Found a shimmering altar of Xom.
   354 | D:1      | Found an iron altar of Okawaru.
   354 | D:1      | Found an iron altar of Okawaru.
   356 | D:1      | Found a white marble altar of Elyvilon.
   356 | D:1      | Found a hazy altar of Hepliaklqana.
   356 | D:1      | Found a stormy altar of Qazlal.
   391 | D:1      | Reached ** piety under Trog
   450 | D:1      | Reached skill level 1 in Armour
   665 | D:1      | Reached skill level 1 in Evocations
   665 | D:1      | Reached XP level 3. HP: 34/36 MP: 2/2
   676 | D:1      | Lost intelligence.
  1134 | D:2      | Reached skill level 3 in Maces & Flails
  1328 | D:2      | Found a blossoming altar of Fedhas.
  1558 | D:3      | Reached XP level 4. HP: 35/44 MP: 3/3
  1819 | D:3      | Found a radiant altar of Vehumet.
  2090 | D:3      | Reached *** piety under Trog
  2156 | D:3      | Found a bloodstained altar of Trog.
  2156 | D:3      | Found an iron altar of Okawaru.
  2281 | D:3      | Reached XP level 5. HP: 45/53 MP: 4/4
  2351 | D:3      | Found a faded altar of an unknown god.
  2456 | D:3      | Found a glowing silver altar of Zin.
  2490 | D:4      | Noticed an ogre
  2495 | D:4      | Killed an ogre
  2562 | D:4      | Noticed Natasha
  2571 | D:4      | Killed Natasha
  2618 | D:4      | Reached XP level 6. HP: 49/61 MP: 5/5
  2824 | D:4      | Noticed Natasha
  2832 | D:4      | Killed Natasha
  2995 | D:4      | Found a staircase to the Ecumenical Temple.
  3127 | D:4      | You fall into a shaft and drop 3 floors!
  3143 | D:7      | Reached XP level 7. HP: 19/67 MP: 6/6
  3492 | D:6      | Reached skill level 4 in Maces & Flails
  3804 | D:6      | Found a glowing drain.
  3816 | Sewer    | Entered a sewer
  3856 | Sewer    | Reached **** piety under Trog
  4296 | D:6      | Found a hide-covered altar of Uskayaw.
  4329 | D:5      | Entered Level 5 of the Dungeon
  4342 | D:5      | Reached XP level 8. HP: 70/78 MP: 7/7
  4489 | D:4      | Noticed Natasha
  4497 | D:4      | Killed Natasha
  4804 | D:4      | Noticed Sigmund
  4828 | D:4      | Killed Sigmund
  4922 | D:4      | Found a basalt altar of Yredelemnul.
  5191 | D:4      | Reached skill level 5 in Maces & Flails
  5258 | D:5      | Noticed Grinder
  5282 | D:5      | Paralysed by Grinder for 3 turns
  5307 | D:4      | Reached skill level 5 in Armour
  5340 | D:5      | Noticed Blork the orc
  5351 | D:5      | Paralysed by Grinder for 7 turns
  5361 | D:5      | Paralysed by Grinder for 7 turns
  5365 | D:5      | Found a snail-covered altar of Cheibriados.
  5516 | D:4      | Paralysed by Grinder for 7 turns
  5544 | D:4      | Killed Grinder
  5545 | D:4      | Reached XP level 9. HP: 29/85 MP: 8/8
  5645 | D:5      | Killed Blork the orc
  5646 | D:5      | Reached skill level 6 in Maces & Flails
  5686 | D:5      | Found a sparkling altar of Nemelex Xobeh.
  5879 | D:5      | Noticed Menkaure
  5886 | D:5      | Killed Menkaure
  5887 | D:5      | Reached skill level 5 in Fighting
  6015 | D:5      | Noticed cghgu's ghost (amateur KoHu)
  6016 | D:5      | Found a transporter.
  6030 | D:5      | Found a transporter.
  6374 | D:5      | Reached ***** piety under Trog
  6385 | D:5      | Killed cghgu's ghost
  6500 | D:6      | Reached skill level 5 in Evocations
  6717 | D:6      | Noticed Pikel
  6732 | D:6      | Killed Pikel
  6733 | D:6      | Reached skill level 7 in Maces & Flails
  7030 | D:7      | Got a ripped robe
  7097 | D:7      | Identified the cursed +1 robe of the Beggar {Rampage rElec
                  | rCorr Dex-5} (You found it on level 7 of the Dungeon)
  7440 | D:7      | Received a gift from Trog
  7472 | D:7      | Mangled by an orc warrior

Illustrated notes

Levels and vault maps discovered:
D:1:      minmay_arrival_three_doors, layout_basic, grunt_decor_cap,
          doesnt_xom_only_xom
D:2:      layout_basic, fedhas_altar_1
D:3:      corexii_shack_village, layout_basic,
          chequers_temple_overflow_statue_of_worship,
          lemuel_coloured_pillars_altar, fiery_altar_vehumet,
          chequers_ecumenical_altar_simple_redux, minivault_23
D:4:      layout_loops_corners, minmay_temple_entry_waves,
          yredelemnul_altar_generic, uniq_natasha, uniq_sigmund
D:5:      layout_rooms, slow_altar_2, basic_altar, gammafunk_ghost_arena,
          columned_hall_lemuel, uniq_menkaure, uniq_grinder, uniq_blork_the_orc
D:6:      layout_loops_ring, basic_altar, portal_sewer_entry_d, uniq_pikel
D:7:      minmay_the_grid_triangle_9x9_rhombus_thin
          [minmay_the_grid_triangle_9x9_skeleton,
          minmay_the_grid_triangle_9x9_prize_center,
          minmay_the_grid_triangle_9x9_flanged_cone,
          minmay_the_grid_triangle_9x9_descending_squares], layout_basic

Skill      XL: |  1  2  3  4  5  6  7  8  9 |
---------------+----------------------------+-----
Armour         | 1 2 3 4 5 6 |  6.0
Evocations     | 1 2 3 4 5 |  5.4
Maces & Flails | 3 4 5 7 |  7.6
Fighting       | 3 4 5 |  5.6
Dodging        | |  2.4

Action                   |  1- 3 |  4- 6 |  7- 9 || total
-------------------------+-------+-------+-------++-------
Melee: Mace              |   163 |     5 |       ||   168
       Flail             |       |   212 |   514 ||   726
       Whip              |       |       |     4 ||     4
Invok: Berserk           |     1 |     3 |    12 ||    16
       Trog's Hand       |       |       |     1 ||     1
Evoke: Wand              |       |       |     2 ||     2
  Use: Scroll            |     7 |     5 |     8 ||    20
       Potion            |     1 |       |     2 ||     3
 Stab: Sleeping          |       |       |     1 ||     1
Armor: Animal skin       |    76 |    81 |   242 ||   399
Dodge: Dodged            |    91 |   155 |   357 ||   603
